 Dungeon Sprint DCSS version 0.27.1-2-g3b301248ec (webtiles) character file.

Game seed: 7337703538176979496

957 boopmooplesden the Protected (level 7, -7/73 HPs)
             Began as a Minotaur Fighter on Sept 23, 2021.
             Killed by nerve-wracking pain
             ... invoked by Menkaure
              (11 damage)
             ... in the Dungeon (Sprint II: "The Violet Keep of Menkaure").
             The game lasted 00:01:06 (272 turns).

boopmooplesden the Protected (Minotaur Fighter)      Turns: 272, Time: 00:01:07

Health: -7/73      AC:  9    Str: 23    XL:     7   Next: 91%
Magic:  6/6        EV:  9    Int:  5    God:
Gold:   729        SH: 12    Dex:  9    Spells: 6/6 levels left

rFire    . . .     SeeInvis .   a - +0 long sword
rCold    . . .     Faith    .   c - +0 kite shield
rNeg     . . .     Spirit   .   b - +0 scale mail
rPois    .         Reflect  .   (helmet restricted)
rElec    .         Harm     .   (no cloak)
rCorr    .         Rampage  .   (no gloves)
Will     .....     NoTele   +   (no boots)
Stlth    ..........             (no amulet)
HPRegen  0.22/turn              (no ring)
MPRegen  0.10/turn              (no ring)

@: very slow
A: horns 2, retaliatory headbutt
a: no special abilities


You were in the Dungeon.
You visited 1 branch You collected 729 gold pieces.

Inventory:

Hand Weapons
 a - a +0 long sword (weapon)
Armour
 b - a +0 scale mail (worn)
 c - a +0 kite shield (worn)
Scrolls
 j - a scroll of blinking
Potions
 d - a potion of might
 e - a potion of curing
 f - a potion of heal wounds
 g - a potion of haste
 h - 2 potions of magic
 i - a potion of berserk rage


   Skills:
 + Level 10.7 Fighting
 + Level 10.3 Long Blades
 + Level 11.3 Armour
 + Level 1.2 Dodging
 + Level 10.7 Shields


You had 6 spell levels left.
You didn't know any spells.
Your spell library was empty.

Dungeon Overview and Level Annotations

Branches:
Dungeon (1/1)

Altars:

Shops:
D ?:==(![(![!![:

Annotations:
D Menkaure


Innate Abilities, Weirdness & Mutations

You have a pair of horns on your head.
You reflexively headbutt those who attack you in melee.


Message History

Your Long Blades skill increases to level 10!
There is an open door, spattered with blood here.
You see here a wyvern corpse.
You now have 729 gold pieces (gained 243).
You start resting.
You open the door.
Found five shops.
Found five shops.
There is an open door here.
You enter the shallow water.
Moving in this stuff is going to be slow.
Menkaure, Prince of Dust comes into view.
Found 81 gold pieces.
Found four shops.
Menkaure shouts!
Menkaure calls on the powers of darkness!
Your body is wracked with pain!
* * * LOW HITPOINT WARNING * * *
There is an open door here.
You start resting.
Something unseen opens the door.
You start resting.
Menkaure is nearby!
There is an open door here.
You enter the shallow water.
Moving in this stuff is going to be slow.
Menkaure misses you. You furiously retaliate!
You headbutt Menkaure. You block Menkaure's attack.
Your unstable footing causes you to fumble your attack.
You hit Menkaure but do no damage.
Menkaure is lightly damaged.
Menkaure hits you!
* * * LOW HITPOINT WARNING * * *
You slash Menkaure! Your headbutt misses Menkaure.
Menkaure is heavily damaged.
Menkaure closely misses you.
You slash Menkaure!
Menkaure is almost destroyed.
Menkaure gestures at you while chanting.
Pain shoots through your body!
You die...

########≈≈#+++
#######≈≈≈...
.....∩#≈≈≈≈M##+##
..∩.∩.#≈≈≈≈##...##
.∩.∩..#≈≈≈ #.)#..#
∩.∩...#≈≈####...# #
.∩....#≈##.###'## .##
∩.∩...#≈#.#.##.##B..#
.∩.∩..M@'###†.<.+#
..∩.∩.#≈#.#.##.##B.$#
▓▓▓▓###≈##.###÷## .##
s######≈≈####...## #
$ ##≈ #..#..# +#
##.#.## ##+##


You could see a redback and Menkaure.

Vanquished Creatures
  A merfolk siren (D)
  2 wyverns (D)
  4 necrophages (D)
7 creatures vanquished.

Vanquished Creatures (others)
  A water moccasin (D)
1 creature vanquished.

Grand Total: 8 creatures vanquished

Notes
Turn   | Place    | Note
-------+----------+-------------------------------------------
     0 | D        | boopmooplesden the Minotaur Fighter began the quest for the
                  | Orb.
     0 | D        | Reached XP level 1. HP: 19/19 MP: 0/0
     1 | D        | Noticed a necrophage
     1 | D        | Noticed a necrophage
     1 | D        | Noticed a necrophage
     1 | D        | Noticed a necrophage
     9 | D        | Killed a necrophage
    10 | D        | Reached skill level 6 in Armour
    10 | D        | Reached XP level 2. HP: 18/30 MP: 1/1
    10 | D        | Reached XP level 3. HP: 23/37 MP: 2/2
    10 | D        | Reached XP level 4. HP: 27/44 MP: 3/3
    16 | D        | Killed a necrophage
    17 | D        | Reached skill level 7 in Armour
    17 | D        | Reached XP level 5. HP: 29/52 MP: 4/4
    19 | D        | Killed a necrophage
    20 | D        | Reached skill level 8 in Armour
    23 | D        | Killed a necrophage
    24 | D        | Reached skill level 9 in Armour
    24 | D        | Reached XP level 6. HP: 29/62 MP: 5/5
   192 | D        | Noticed a boulder beetle
   192 | D        | Noticed a boulder beetle
   195 | D        | Noticed a merfolk siren
   214 | D        | Killed a merfolk siren
   215 | D        | Reached skill level 10 in Fighting
   215 | D        | Reached skill level 10 in Armour
   215 | D        | Reached skill level 10 in Shields
   215 | D        | Reached XP level 7. HP: 56/72 MP: 6/6
   229 | D        | Noticed a wyvern
   229 | D        | Noticed a wyvern
   234 | D        | Killed a wyvern
   235 | D        | Reached skill level 11 in Armour
   235 | D        | Reached skill level 1 in Dodging
   243 | D        | Killed a wyvern
   244 | D        | Reached skill level 10 in Long Blades
   249 | D        | Found Juarr's Antique Armour Shoppe.
   249 | D        | Found Yneyxt's Antique Armour Shoppe.
   249 | D        | Found Suas's Distillery.
   249 | D        | Found Xuasywum's Distillery.
   249 | D        | Found Soluos's Book Shoppe.
   250 | D        | Found Kiuniap's Antique Armour Emporium.
   250 | D        | Found Musmun's Distillery.
   250 | D        | Found Nilar's Antique Weapon Emporium.
   250 | D        | Found Lyvudauwuu's Jewellery Shoppe.
   250 | D        | Found Uxzeihes's Jewellery Emporium.
   251 | D        | Found Luarchom's Book Shoppe.
   251 | D        | Found Poassair's Distillery.
   251 | D        | Found Diaga's Antique Weapon Emporium.
   251 | D        | Found Edoidiyll's Magic Scroll Emporium.
   251 | D        | Noticed Menkaure
   251 | D        | Noticed a redback
   272 | D        | Killed from afar by Menkaure

Illustrated notes

Levels and vault maps discovered:
D:        the_violet_keep_of_menkaure [sprint2_stairs_cluster_1,
          sprint2_shoproom, sprint2_temple, sprint2_basic_supplies,
          sprint2_obstacle_4, sprint2_obstacle_2, sprint2_obstacle_5,
          sprint2_obstacle_6, sprint2_obstacle_3, sprint2_timed_cluster_1,
          sprint2_smallroom_cluster_1, sprint2_smallroom_final_cluster_1,
          sprint2_transparent_cluster_1, sprint2_second_timed_cluster_1,
          sprint2_sniper_area_1, sprint2_heavy_combat_area_1,
          sprint2_mutation_trap_area_1, sprint2_forest_area_1,
          sprint2_light_combat_area_1, sprint2_behind_water_1,
          sprint2_near_end_vault_1]

Skill      XL: |  1  2  3  4  5  6  7 |
---------------+----------------------+-----
Fighting       | 6 7 8 10 | 10.7
Long Blades    | 4 6 7 9 10 | 10.3
Armour         | 6 7 9 10 11 | 11.3
Shields        | 6 7 8 10 | 10.7
Dodging        | 1 |  1.2

Action                   |  1- 3 |  4- 6 |  7- 9 || total
-------------------------+-------+-------+-------++-------
Melee: Long sword        |     7 |    31 |    18 ||    56
       Headbutt          |       |     8 |     3 ||    11
Armor: Scale mail        |     3 |     3 |     1 ||     7
Dodge: Dodged            |     2 |     2 |     7 ||    11
Block: Kite shield       |     2 |     7 |     9 ||    18
       Rpst.: Long sword |     1 |     1 |     1 ||     3
